 Dungeon Crawl Stone Soup version 0.25-a0-1079-g858b6a6ff6 (webtiles) character file.

Game seed: 8733910449918049895, levelgen mode: deterministic

3743 Flugslaktarn the Cleaver (level 10, -2/63 HPs)
             Began as a Gargoyle Fighter on May 15, 2020.
             Was a Believer of Makhleb.
             Slain by an unseen horror (4 damage)
             ... on level 8 of the Dungeon.
             The game lasted 00:05:17 (7204 turns).

Flugslaktarn the Cleaver (Gargoyle Fighter)         Turns: 7204, Time: 00:05:18

Health: -2/63      AC: 25    Str: 23    XL:     10   Next: 15%
Magic:  13/13      EV:  9    Int:  9    God:    Makhleb [**....]
Gold:   378        SH: 16    Dex:  9    Spells: 9/9 levels left

rFire    . . .     SeeInvis .   a - +0 war axe
rCold    . . .     Gourm    .   c - +0 kite shield
rNeg     + . .     Faith    .   s - +0 plate armour
rPois    ∞         Spirit   .   (no helmet)
rElec    +         Reflect  +   m - +2 cloak
rCorr    .         Harm     .   (no gloves)
MR       .....                  y - +0 pair of boots
Stlth    ..........             k - amulet of reflection
HPRegen  0.20/turn              v - +4 ring of evasion
MPRegen  0.13/turn              (no ring)

@: no status effects
A: negative energy resistance 1, electricity resistance, unbreathing,
petrification resistance, rot immunity, AC +7
a: Minor Destruction, Renounce Religion


You were on level 8 of the Dungeon.
You worshipped Makhleb.
Makhleb was pleased with you.
You were not hungry.

You visited 2 branches of the dungeon, and saw 10 of its levels.
You also visited: Ossuary.

You collected 378 gold pieces.

Inventory:

Hand Weapons
 a - a +0 war axe (weapon)
Armour
 c - a +0 kite shield (worn)
 m - a +2 cloak (worn)
   (You found it on level 3 of the Dungeon)
 s - a +0 plate armour (worn)
   (You found it on level 5 of the Dungeon)
 y - a +0 pair of boots (worn)
   (You found it on level 6 of the Dungeon)
Jewellery
 k - an amulet of reflection (around neck)
   (You found it on level 3 of the Dungeon)
 v - a +4 ring of evasion (left hand)
   (You found it on level 6 of the Dungeon)
Scrolls
 f - a scroll of vulnerability {unknown}
 g - 3 scrolls of magic mapping
 l - a scroll of fear
 o - 2 scrolls of immolation
 p - a scroll of holy word {unknown}
 r - 5 scrolls of identify
 t - 6 scrolls of teleportation
 x - 3 scrolls of remove curse
 B - a scroll of blinking {unknown}
Potions
 b - 2 potions of degeneration {unknown}
 d - a potion of might
 h - 2 potions of haste
 i - a potion of magic {unknown}
 j - 4 potions of berserk rage
 n - a potion of resistance
 q - 4 potions of curing
 u - a potion of mutation
 z - 2 potions of flight {unknown}
 A - 2 potions of stabbing {unknown}
 C - a potion of brilliance {unknown}
Comestibles
 e - 4 rations


   Skills:
 + Level 7.4 Fighting
 * Level 8.1 Axes
 + Level 7.4 Armour
 + Level 7.5 Shields
 + Level 4.3 Invocations


You had 9 spell levels left.
You didn't know any spells.
Your spell library was empty.

Dungeon Overview and Level Annotations

Branches:
Dungeon (9/15)             Temple (1/1) D:6         Ossuary (visited)
   Lair: D:8-11         Orc: D:9-12

Altars:
Dithmenos
Elyvilon
Fedhas
Hepliaklqana
Kikubaaqudgha
Makhleb
Okawaru
Qazlal
Uskayaw
Vehumet
Wu Jian
Yredelemnul
Zin

Annotations:
D:6 exclusion: oklob plant
D:8 Erica


Innate Abilities, Weirdness & Mutations

You are resistant to torment.
Your stone body is resilient. (AC +7)
You are immune to poison.
You resist negative energy. (rN+)
You are resistant to electric shocks. (rElec)
You can survive without breathing.
You are immune to petrification.
You are immune to rotting.


Message History

You swing at nothing.
Something hits you but does no damage.
You swing at nothing.
Something hits you but does no damage. x2
You hit something. Something hits you.
* * * LOW HITPOINT WARNING * * *
Your plate armour prevents you from hitting something.
Something hits you but does no damage.
You swing at nothing.
You block something's attack.
You swing at nothing.
Something hits you but does no damage. Something hits you.
* * * LOW HITPOINT WARNING * * *
Something hits you but does no damage.
You hit something but do no damage. Something hits you.
* * * LOW HITPOINT WARNING * * *
You block something's attack.
You hit something but do no damage. Something completely misses you.
Something hits you.
* * * LOW HITPOINT WARNING * * *
You swing at nothing.
Something hits you but does no damage.
You swing at nothing.
Something hits you.
You die...

.#...+....#
##...#....#
#....#....#.
####'#....#.
##...#....#.. ####
##...#....#..##..#
.....#....#......#
.....#....#...{{.#
.....#....######@##
##...#............#
##...'............#
.....#............#
.....#............#
.....#............#
#....#............#
#..###............#
#.........##'###'##


There were no monsters in sight!

Vanquished Creatures
  Joseph (D:8)
  Maggie (D:8)
  4 yaks (D:9)
  Menkaure (Ossuary)
  An ice beast (D:8)
  An orc warrior (D:9)
  A phantom (D:5)
  2 sky beasts
  An eye of draining (D:8)
  2 ogres
  2 centaurs
  A big kobold (D:6)
  3 bullfrogs
  A scorpion (D:9)
  5 killer bees (D:8)
  4 wights (D:6)
  3 howler monkeys
  A crimson imp (D:5)
  A jelly (D:3)
  2 orc priests
  2 hounds
  A bullfrog skeleton (D:8)
  5 orc wizards
  Ijyb (D:3)
  An iguana (D:6)
  3 worker ants
  3 mummies (Ossuary)
  A worker ant zombie (D:6)
  4 adders
  3 shadow imps (D:8)
  8 oozes (D:3)
  2 adder skeletons (D:6)
  4 worms
  2 dart slugs
  3 leopard geckos
  21 orcs
  4 giant cockroaches
  A gnoll zombie (Ossuary)
  7 goblins
  6 hobgoblins
  11 jackals
  3 quokkas
  10 bats
  2 frilled lizards
  4 gnoll skeletons (Ossuary)
  2 goblin skeletons (Ossuary)
  4 goblin zombies (Ossuary)
  4 hobgoblin skeletons (Ossuary)
  3 hobgoblin zombies (Ossuary)
  A jackal skeleton (D:5)
  16 kobolds
  8 kobold skeletons (Ossuary)
  8 kobold zombies (Ossuary)
  A leopard gecko zombie (D:6)
  4 orc skeletons (Ossuary)
  3 orc zombies (Ossuary)
  A quokka zombie (D:5)
  4 rats
  2 rat skeletons (Ossuary)
  6 rat zombies (Ossuary)
217 creatures vanquished.

Vanquished Creatures (others)
  2 kobolds (D:6)
  A hobgoblin skeleton (Ossuary)
  8 toadstools (D:3)
11 creatures vanquished.

Grand Total: 228 creatures vanquished

Notes
Turn   | Place    | Note
-------+----------+-------------------------------------------
     0 | D:1      | Flugslaktarn the Gargoyle Fighter began the quest for the
                  | Orb.
     0 | D:1      | Reached XP level 1. HP: 14/14 MP: 1/1
   153 | D:1      | Reached skill level 2 in Axes
   217 | D:1      | Reached XP level 2. HP: 19/19 MP: 2/2
   757 | D:2      | Reached XP level 3. HP: 23/23 MP: 3/3
  1007 | D:2      | Found a shadowy altar of Dithmenos.
  1735 | D:3      | Reached XP level 4. HP: 12/29 MP: 4/4
  1736 | D:3      | Reached skill level 3 in Axes
  2024 | D:3      | Reached XP level 5. HP: 18/33 MP: 5/5
  2224 | D:3      | Noticed Ijyb
  2236 | D:3      | Killed Ijyb
  2479 | D:3      | Found a hazy altar of Hepliaklqana.
  2479 | D:3      | Found a white marble altar of Elyvilon.
  2802 | D:3      | Reached XP level 6. HP: 18/39 MP: 6/6
  3138 | D:4      | Reached skill level 4 in Axes
  4294 | D:5      | Entered Level 5 of the Dungeon
  4298 | D:5      | Reached XP level 7. HP: 44/44 MP: 7/7
  4343 | D:5      | Reached skill level 5 in Fighting
  4343 | D:5      | Reached skill level 5 in Armour
  4497 | D:5      | Reached skill level 5 in Axes
  4497 | D:5      | Reached skill level 5 in Shields
  4662 | D:5      | Found an ornate altar of the Wu Jian Council.
  4819 | D:6      | Reached XP level 8. HP: 38/50 MP: 8/8
  5105 | D:6      | Found a staircase to the Ecumenical Temple.
  5132 | Temple   | Entered the Ecumenical Temple
  5182 | Temple   | Became a worshipper of Makhleb the Destroyer
  5297 | D:6      | Reached skill level 6 in Axes
  5328 | D:6      | Noticed an oklob plant
  5402 | D:6      | Found a blossoming altar of Fedhas.
  5480 | D:6      | Reached skill level 1 in Invocations
  5604 | D:6      | You fall into a shaft and drop 3 floors!
  5812 | D:9      | Noticed a yak
  5813 | D:9      | Noticed a yak
  5813 | D:9      | Noticed a yak
  5813 | D:9      | Noticed a yak
  5823 | D:9      | Killed a yak
  5823 | D:9      | Reached XP level 9. HP: 47/56 MP: 10/10
  5857 | D:9      | Reached skill level 7 in Axes
  5968 | D:8      | Noticed Erica
  6199 | D:8      | Noticed Joseph
  6210 | D:8      | Killed Joseph
  6287 | D:8      | Found a radiant altar of Vehumet.
  6312 | D:7      | Reached * piety under Makhleb
  6342 | D:8      | Found a sand-covered staircase.
  6351 | Ossuary  | Entered an ossuary
  6491 | Ossuary  | Reached ** piety under Makhleb
  6609 | Ossuary  | Noticed Menkaure
  6630 | Ossuary  | Killed Menkaure
  6866 | D:8      | Reached *** piety under Makhleb
  6866 | D:8      | Reached XP level 10. HP: 49/63 MP: 0/13
  6872 | D:8      | Reached skill level 8 in Axes
  7096 | D:8      | Noticed Maggie
  7127 | D:8      | Killed Maggie
  7202 | D:8      | HP: 2/63 [something (4)]
  7204 | D:8      | Slain by an unseen horror

Illustrated notes

Levels and vault maps discovered:
D:1:      lemuel_arrival_behind_the_door_large, layout_rooms
D:2:      layout_basic, grunt_dithmenos_smoke
D:3:      cheibrodos_fertilizer, layout_basic,
          gammafunk_temple_overflow_elements, uniq_ijyb
D:4:      minmay_skewed_foursquare, layout_cave_pools, serial_co_window_serial,
          co_window_paths_b, co_window_paths_b, co_window_paths_a,
          co_window_paths_a, co_window_corner_a, co_window_cross_1,
          co_window_corner_a, co_window_of_opportunity_c, co_window_broadway_b,
          co_window_2corner, co_window_unsneaky_path_c, first_ration
D:5:      layout_rooms, kennysheep_little_box
D:6:      layout_cave_pods, kennysheep_mini, minmay_temple_entry_antechambers,
          lemuel_oklob_altar
D:7:      layout_loops_corners, kennysheep_mini_moat, ebering_ghost_rock_garden,
          serial_shops, nicolae_shop_overgrown_old_shop
D:8:      layout_gridville, vehumet_statue,
          lightli_ossuary_entry_decrepit_ruins, uniq_joseph, uniq_maggie,
          uniq_erica, uniq_pikel
D:9:      layout_small_grid, david_orc_3, grunt_livestock
Temple:   regret_index_temple_sphere_string

Skill      XL: |  1  2  3  4  5  6  7  8  9 10 |
---------------+-------------------------------+-----
Axes           | 2 3 4 5 6 7 8 |  8.1
Fighting       | 4 5 6 7 |  7.4
Armour         | 4 5 6 7 |  7.4
Shields        | 4 5 6 7 |  7.5
Invocations    | 2 4 |  4.3

Action                   |  1- 3 |  4- 6 |  7- 9 | 10-12 || total
-------------------------+-------+-------+-------+-------++-------
Melee: War axe           |   122 |   184 |   510 |    50 ||   866
Invok: Minor Destruction |       |       |       |     1 ||     1
  Use: Scroll            |       |       |    15 |       ||    15
       Potion            |       |       |     1 |     1 ||     2
  Eat: Chunk             |     2 |     8 |     6 |       ||    16
       Ration            |       |     1 |       |     1 ||     2
Armor: Scale mail        |    67 |    37 |       |       ||   104
       Chain mail        |       |    91 |    58 |       ||   149
       Plate armour      |       |       |   202 |   125 ||   327
Dodge: Dodged            |    62 |    47 |    94 |     8 ||   211
Block: Kite shield       |    74 |   116 |   419 |    41 ||   650
       Reflection        |       |       |    14 |       ||    14

Table legend:
 A = Non-vault XP
 B = Vault XP
 C = Vault XP percentage of total XP
 D = Non-vault monster count
 E = Vault monster count
 F = Vault count percentage of total count
                 A         B        C        D         E       F
            +---------+---------+-------+---------+---------+-------
      Total |    4041 |    1307 |  24.4 |     141 |      75 |  34.7
            +---------+---------+-------+---------+---------+-------
        D:1 |      21 |       0 |   0.0 |      16 |       0 |   0.0
        D:2 |      36 |       0 |   0.0 |      16 |       0 |   0.0
        D:3 |     161 |     138 |  46.2 |      22 |      17 |  43.6
        D:4 |     198 |      23 |  10.4 |       8 |       4 |  33.3
        D:5 |     597 |       0 |   0.0 |      25 |       0 |   0.0
        D:6 |     849 |       0 |   0.0 |      22 |       0 |   0.0
        D:7 |     121 |       0 |   0.0 |       4 |       0 |   0.0
        D:8 |     745 |     870 |  53.9 |      14 |       2 |  12.5
        D:9 |    1313 |       0 |   0.0 |      14 |       0 |   0.0
    Ossuary |       0 |     276 | 100.0 |       0 |      52 | 100.0
            +---------+---------+-------+---------+---------+-------
